 Dungeon Crawl Stone Soup version 0.19.1-1-g22dce08 (webtiles) character file.

77 theAP the Conjurer (level 4, 24/24 HPs)
             Began as a Deep Elf Conjurer on Jan 9, 2017.
             Got out of the dungeon alive.
             The game lasted 00:04:46 (1894 turns).

theAP the Conjurer (Deep Elf Conjurer)              Turns: 1894, Time: 00:04:46

Health: 24/24      AC:  3    Str:  5    XL:     4   Next: 14%
Magic:  12/12      EV: 13    Int: 21    God:
Gold:   88         SH:  0    Dex: 15    Spells: 1 memorised, 10 levels left

rFire  . . .     SeeInvis .     (no weapon)
rCold  . . .     Gourm    .     a - +0 robe
rNeg   . . .     Faith    .     (no shield)
rPois  .         Spirit   .     (no helmet)
rElec  .         Reflect  .     (no cloak)
rCorr  .         Harm     .     m - +0 pair of gloves
MR     .....                    (no boots)
Stlth  ++........               (no amulet)
                                (no ring)
                                l - +4 ring of slaying

@: no status effects
A: no striking features
a: no special abilities


You escaped.
You were not hungry.

You visited 1 branch of the dungeon, and saw 2 of its levels.

You collected 88 gold pieces.

Inventory:

Armour
 a - a +0 robe (worn)
 m - a +0 pair of gloves (worn)
Jewellery
 l - a +4 ring of slaying (left hand)
Scrolls
 d - 2 scrolls of recharging {unknown}
 g - 5 scrolls of identify {unknown}
 i - a scroll of fear {unknown}
 j - 2 scrolls of remove curse {unknown}
 k - a scroll of enchant weapon {unknown}
 o - a scroll of teleportation {unknown}
 p - a scroll of blinking {unknown}
Potions
 e - a potion of curing {unknown}
 f - 2 potions of might {unknown}
 h - 2 potions of cure mutation {unknown}
 n - a potion of heal wounds {unknown}
Books
 b - a book of Conjurations

   Spells                             Type                      Level
   a - Magic Dart                     Conjuration                  1
   b - Searing Ray                    Conjuration                  2
   c - Dazzling Spray                 Conjuration/Hexes            3
   d - Fulminant Prism                Conjuration/Hexes            4
   e - Iskenderun's Mystic Blast      Conjuration                  4
   f - Iskenderun's Battlesphere      Conjuration/Charms           5
Comestibles
 c - a bread ration


   Skills:
 - Level 2.6 Dodging
 - Level 2.7 Stealth
 - Level 0.1 Unarmed Combat
 + Level 4.0 Spellcasting
 * Level 5.6 Conjurations


You had 10 spell levels left.
You knew the following spells:

 Your Spells              Type           Power        Failure   Level  Hunger
a - Magic Dart            Conj           ####         1%          1    None


Dungeon Overview and Level Annotations

Branches:
Dungeon (2/15)

Altars:


Message History

Confirm with . or Enter, or press ? or * to list all spells.
Aiming: Magic Dart
Press: ? - help, Shift-Dir - straight line, f - kobold
Aim: a kobold, wielding a short sword The magic dart hits the kobold.
You kill the kobold!
There isn't anything to butcher here.
Eat a chunk of flesh? (ye/n/q)
You start eating the chunk of flesh.
This raw flesh tastes terrible.
There is a shaft here.
There is a stone staircase leading up here.
You climb upwards.
There is a stone staircase leading down here.
Unknown command.
You can't go up here!
You see here 4 large rocks.
There is a staircase leading out of the dungeon here.
Are you sure you want to leave the Dungeon?
This will make you lose the game!
You have escaped!

.###.####.##...........#
#.
.........)..........##.#
#.
.###.####...#######.##.#
#. ## #.#
#...#######.##.#########.
#.#
###.........##.#.........
#.#
#.#########..#.########
#.# #.#......#.#.#..# #.#
#.#.####.####.#.# #.#
#.#.#.@#.# ##..# #.#
#.#....#.####.#.# #.####
#.######.#.#.##.#
#....###........##.###.#
####.##..######.(#.# #.#
#.##..######..#.# #.#
#.##..........#.# #.###
#†####...#.####.# #...#
#.# #......# #.# ###.#


There were no monsters in sight!

Vanquished Creatures
  3 adders (D:2)
  A worm (D:2)
  A dart slug (D:1)
  A leopard gecko (D:1)
  6 bats
  4 giant cockroaches
  5 goblins (D:1)
  5 hobgoblins
  A jackal (D:1)
  8 kobolds
  A quokka (D:2)
  A frilled lizard (D:2)
  4 rats
41 creatures vanquished.

Notes
Turn   | Place    | Note
-------+----------+-------------------------------------------
     0 | D:1      | theAP the Deep Elf Conjurer began the quest for the Orb.
     0 | D:1      | Reached XP level 1. HP: 10/10 MP: 6/6
   158 | D:1      | Reached XP level 2. HP: 15/15 MP: 2/8
   330 | D:1      | Reached skill level 5 in Conjurations
   584 | D:1      | Reached XP level 3. HP: 19/19 MP: 3/9
  1470 | D:2      | Reached XP level 4. HP: 24/24 MP: 4/12
  1894 | D:$      | Got out of the dungeon alive.

Skill      XL: |  1  2  3 |
---------------+----------+-----
Conjurations   | 5 |  5.6
Spellcasting   | 4 |  4.0
Dodging        | |  2.6
Stealth        | |  2.7
Unarmed Combat | |  0.1

Action                   |  1- 3 |  4- 6 || total
-------------------------+-------+-------++-------
Melee: Unarmed           |     4 |       ||     4
 Cast: Magic Dart        |    88 |     9 ||    97
  Eat: Chunk             |     1 |     2 ||     3
Armor: Robe              |     1 |       ||     1
Dodge: Dodged            |     8 |       ||     8
